AoeStats
← CEO of autism

African Clearing

504061177Analyzed
2v2 RM · 29d ago on Sep 3, 2026· 39m 48s· 4 players
Game mode
Random Map
Map size
Medium (4 player)
Population
200
Speed
Normal
Resources
Standard
Victory
Conquest
Starting age
Dark Age
Ending age
Imperial Age
RankedLock teamsTeams togetherTeam positionsShared explorationLock speedFull tech treeHidden civsTurbo modeCheats
Victory
Defeat
🇨🇦 Wu · Canada
962
+17
🇷🇺 Poles · Russia
857
+22
🇫🇷 Franks · France
988
-20
🇫🇷 Vietnamese · France
984
-19
Уралец
3:18 Loom
14:10 Feudal Age
15:26 Wheelbarrow
14:39 Double-Bit Axe
14:47 Town Watch
14:44 Horse Collar
18:03 Stone Mining
22:40 Castle Age
23:40 Hand Cart
24:22 Bow Saw
25:21 Heavy Plow
25:16 Fletching
30:44 Gold Mining
31:07 Forging
31:04 Scale Barding Armor
33:09 Chain Barding Armor
33:25 Iron Casting
33:27 Szlachta Privileges
33:34 Husbandry
34:09 Bloodlines
FuaKatelas
5:01 Loom
15:16 Feudal Age
20:08 Castle Age
18:35 Double-Bit Axe
22:54 Squires
26:02 Scale Mail Armor
26:39 Wheelbarrow
30:45 Forging
31:29 Fletching
33:07 Pikeman
CEO of autism
12:36 Loom
14:21 Feudal Age
15:48 Double-Bit Axe
26:15 Castle Age
24:38 Gold Mining
24:38 Stone Mining
25:52 Forging
30:32 Pikeman
Mr Ble
13:50 Feudal Age
13:21 Loom
15:54 Double-Bit Axe
19:53 Fletching
23:20 Padded Archer Armor
27:21 Castle Age
27:31 Wheelbarrow
26:50 Horse Collar
30:18 Bodkin Arrow
30:35 Forging
30:26 Scale Mail Armor
29:52 Man-at-Arms
30:33 Squires
31:01 Thumb Ring
30:16 Crossbowman
32:28 Elite Skirmisher
32:45 Long Swordsman
35:11 Heavy Plow
36:36 Hand Cart
Connection lost

Rejoining the realm…

Still unreachable

The connection could not be restored.

Session expired

The server has moved on; the page needs a fresh start.